 Dungeon Crawl Stone Soup version 0.22-a0-48-g8770677 (webtiles) character file.

2241 gmonis the Basher (level 9, -7/71 HPs)
             Began as a Minotaur Berserker on Jan 7, 2018.
             Was an Elder of Trog.
             Mangled by an orc warrior
             ... wielding a +0 trident
              (8 damage)
             ... on level 7 of the Dungeon.
             The game lasted 00:13:40 (5689 turns).

gmonis the Basher (Minotaur Berserker)              Turns: 5689, Time: 00:13:41

Health: -7/71      AC: 11    Str: 24    XL:     9   Next: 14%
Magic:  8/8        EV:  9    Int:  4    God:    Trog [****..]
Gold:   344        SH:  0    Dex: 11    Spells: 8/8 levels left

rFire    . . .     SeeInvis .   a - +0 mace
rCold    . . .     Gourm    .   (no shield)
rNeg     . . .     Faith    .   r - +0 chain mail
rPois    .         Spirit   .   (helmet restricted)
rElec    .         Reflect  .   (no cloak)
rCorr    .         Harm     .   s - +1 pair of gloves
MR       .....                  (no boots)
Stlth    ..........             l - amulet of rage (curse)
HPRegen  0.21/turn              (no ring)
MPRegen  0.11/turn              (no ring)

@: berserk cooldown, slowed, very slow
A: retaliatory headbutt, horns 2
a: Berserk, Trog's Hand, Brothers in Arms, Burn Spellbooks, Renounce Religion,
Evoke Berserk Rage


You were on level 7 of the Dungeon.
You worshipped Trog.
Trog was greatly pleased with you.
You were not hungry.

You visited 2 branches of the dungeon, and saw 8 of its levels.

You collected 344 gold pieces.

Inventory:

Hand Weapons
 a - a +0 mace (weapon)
 u - a +0 hunting sling
Missiles
 h - 77 stones (quivered)
Armour
 b - a +0 animal skin
 f - a +0 ring mail
 r - a +0 chain mail (worn)
 s - a +1 pair of gloves (worn)
Jewellery
 l - a cursed amulet of rage (around neck)
 w - an uncursed ring of protection from fire {unknown}
Scrolls
 d - 2 scrolls of amnesia {unknown}
 g - 9 scrolls of identify {unknown}
 i - 4 scrolls of teleportation {unknown}
 j - a scroll of fear {unknown}
 m - 2 scrolls of enchant armour {unknown}
 q - 3 scrolls of remove curse {unknown}
 t - 2 scrolls of blinking {unknown}
 v - a scroll of fog {unknown}
 y - a scroll of random uselessness {unknown}
Potions
 e - a potion of mutation {unknown}
 k - 3 potions of brilliance {unknown}
 n - a potion of agility {unknown}
 o - a potion of invisibility {unknown}
 p - 5 potions of curing {unknown}
 x - a potion of flight {unknown}
 z - a potion of degeneration {unknown}
Comestibles
 c - 7 rations


   Skills:
 + Level 4.0 Fighting
 - Level 14.1 Maces & Flails
 + Level 2.7 Armour
 + Level 2.3 Dodging


You had 8 spell levels left.
You didn't know any spells.

Dungeon Overview and Level Annotations

Branches:
Dungeon (7/15)             Temple (1/1) D:4

Altars:
Ashenzari
Cheibriados
Dithmenos
Elyvilon
Fedhas
Hepliaklqana
Kikubaaqudgha
Makhleb
Nemelex Xobeh
Okawaru
Qazlal
Ru
Sif Muna
Trog
Uskayaw
Vehumet
Wu Jian
Xom
Yredelemnul
Zin
The Shining One

Shops:
D:5 %   D:7 (


Innate Abilities, Weirdness & Mutations

You reflexively headbutt those who attack you in melee.
You have a pair of horns on your head.


Message History

The orc warrior hits you with a trident.
* * * LOW HITPOINT WARNING * * *
You hit the orc warrior but do no damage.
The orc warrior is severely wounded.
The orc warrior completely misses you. You furiously retaliate!
You headbutt the orc warrior.
Unknown command.
You hit the orc warrior but do no damage.
The orc warrior is severely wounded.
The orc warrior hits you with a trident.
* * * LOW HITPOINT WARNING * * *
Unknown command.
You're too hungry.
Unknown command.
You eat one of the 8 rations.
That ration really hit the spot!
The orc warrior hits you but does no damage.
You barely miss the orc warrior.
The orc warrior is severely wounded.
The orc warrior hits you with a trident!
You die...

## .## .# .. ...
.. #.##o##.#
#...?...# ##.##
##...## #)#.#.##
#∩#....# #@###..#
#####o..#.#
#....o..#.# #
#.#####.# #
#.#.#####.#
#......##.#
#.........# #
#.#.#.###.#..###
##.#..<.)).[.....


You could see an orc warrior and an orc.

Vanquished Creatures
  The ghost of anet the Magician, a novice DEWz (D:6)
  Grinder (D:6)
  2 orc warriors
  A phantom (D:6)
  A centaur (D:6)
  An ogre (D:4)
  A big kobold (D:7)
  2 bullfrogs (D:6)
  A scorpion (D:6)
  2 howler monkeys (D:6)
  4 crimson imps
  A centaur zombie (D:6)
  5 hounds
  4 orc wizards
  2 orc priests
  A centaur skeleton (D:4)
  6 worker ants
  A worker ant zombie (D:5)
  4 gnolls (D:5)
  14 adders
  2 oozes
  2 worms
  6 dart slugs
  5 leopard geckos
  13 orcs
  4 bats
  2 giant cockroaches
  7 goblins
  4 hobgoblins
  11 jackals
  4 quokkas
  2 ball pythons (D:3)
  8 frilled lizards
  11 kobolds
  A leopard gecko skeleton (D:4)
  4 rats
141 creatures vanquished.

Notes
Turn   | Place    | Note
-------+----------+-------------------------------------------
     0 | D:1      | gmonis the Minotaur Berserker began the quest for the Orb.
     0 | D:1      | Reached XP level 1. HP: 19/19 MP: 0/0
   100 | D:1      | Reached XP level 2. HP: 25/27 MP: 1/1
   146 | D:1      | Reached skill level 4 in Maces & Flails
   614 | D:1      | Reached XP level 3. HP: 33/33 MP: 2/2
   729 | D:2      | Reached skill level 5 in Maces & Flails
   752 | D:2      | Reached ** piety under Trog
   922 | D:2      | Reached XP level 4. HP: 28/40 MP: 3/3
  1163 | D:2      | Found a blossoming altar of Fedhas.
  1415 | D:2      | Reached skill level 6 in Maces & Flails
  1895 | D:3      | Reached XP level 5. HP: 46/46 MP: 4/4
  2133 | D:3      | Reached skill level 7 in Maces & Flails
  2574 | D:4      | Found a staircase to the Ecumenical Temple.
  2591 | Temple   | Entered the Ecumenical Temple
  2938 | D:4      | Reached skill level 8 in Maces & Flails
  2938 | D:4      | Reached XP level 6. HP: 52/52 MP: 5/5
  2944 | D:4      | Reached *** piety under Trog
  3377 | D:4      | Reached skill level 9 in Maces & Flails
  3844 | D:4      | Reached XP level 7. HP: 48/58 MP: 6/6
  3990 | D:4      | Found a hazy altar of Hepliaklqana.
  3991 | D:4      | Found a bloodstained altar of Trog.
  4114 | D:5      | Entered Level 5 of the Dungeon
  4430 | D:5      | Reached skill level 10 in Maces & Flails
  4747 | D:5      | Found Roozuote's Food Shoppe.
  4943 | D:6      | Reached skill level 11 in Maces & Flails
  4947 | D:6      | Reached XP level 8. HP: 51/66 MP: 7/7
  5084 | D:6      | Reached skill level 12 in Maces & Flails
  5115 | D:6      | Noticed anet's ghost (novice DEWz)
  5147 | D:6      | Killed anet's ghost
  5147 | D:6      | Reached skill level 13 in Maces & Flails
  5274 | D:6      | Noticed Grinder
  5276 | D:6      | Paralysed by Grinder for 3 turns
  5294 | D:6      | Paralysed by Grinder for 4 turns
  5304 | D:6      | Killed Grinder
  5312 | D:6      | Reached XP level 9. HP: 67/71 MP: 8/8
  5543 | D:7      | Reached **** piety under Trog
  5636 | D:7      | Found Uleoph's Weapon Boutique.
  5661 | D:7      | Reached skill level 14 in Maces & Flails
  5685 | D:7      | HP: 1/71 [orc warrior/trident (5)]
  5689 | D:7      | Mangled by an orc warrior

Vault maps used:
D:1:      roderic_crossed_star, serial_forest, infiniplex_forest_zigzag_2,
          infiniplex_forest_clump_long, infiniplex_forest_clump_medium,
          infiniplex_forest_clump_small, infiniplex_forest_lined_room_,
          minmay_misc_feat_alley
D:2:      lemuel_coloured_pillars_altar, first_ration, minmay_tetromino_s4
D:3:      cheibrodos_helix_gallery, minmay_misc_feat_enclosed,
          hangedman_feature_mirror, grunt_decor_one_mirror
D:4:      gammafunk_temple_overflow_pools, minmay_temple_entry_junction
D:5:      serial_shops, shop
D:6:      uniq_grinder
D:7:      serial_shops, shop, bloody_trog
Temple:   hc_temple_tempest_star

Skill      XL: |  1  2  3  4  5  6  7  8  9 |
---------------+----------------------------+-----
Maces & Flails | 4 5 6 8 9 11 13 14 | 14.1
Fighting       | 4 |  4.0
Armour         | |  2.7
Dodging        | |  2.3

Action                   |  1- 3 |  4- 6 |  7- 9 || total
-------------------------+-------+-------+-------++-------
Melee: Mace              |    72 |   162 |   208 ||   442
       Headbutt          |    12 |    27 |    41 ||    80
Invok: Berserk           |       |       |     4 ||     4
       Trog's Hand       |       |       |     1 ||     1
  Eat: Chunk             |       |     9 |     8 ||    17
       Ration            |       |       |     1 ||     1
Armor: Ring mail         |    34 |    17 |       ||    51
       Chain mail        |       |    61 |    96 ||   157
Dodge: Dodged            |    49 |    63 |    81 ||   193

Table legend:
 A = Spawn XP
 B = Non-spawn XP
 C = Spawn XP percentage of total XP
 D = Spawn monster count
 E = Non-spawn monster count
 F = Spawn count percentage of total count
 G = Total turns spent on level
                    A         B        C        D         E        F      G
               +---------+---------+-------+---------+---------+-------+---------
         Total |       0 |    3202 |   0.0 |       0 |     141 |   0.0 |  5689
               +---------+---------+-------+---------+---------+-------+---------
           D:1 |       0 |      52 |   0.0 |       0 |      24 |   0.0 |   718
           D:2 |       0 |     107 |   0.0 |       0 |      23 |   0.0 |  1033
           D:3 |       0 |     109 |   0.0 |       0 |      25 |   0.0 |   822
           D:4 |       0 |     519 |   0.0 |       0 |      24 |   0.0 |  1338
           D:5 |       0 |     355 |   0.0 |       0 |      16 |   0.0 |   792
           D:6 |       0 |    1771 |   0.0 |       0 |      22 |   0.0 |   629
           D:7 |       0 |     289 |   0.0 |       0 |       7 |   0.0 |   154
               +---------+---------+-------+---------+---------+-------+---------
